 Dungeon Crawl Stone Soup version 0.20.0-10-g0535bb4 (webtiles) character file.

564 vatarom the Destroyer (level 7, -5/36 HPs)
             Began as a Tengu Air Elementalist on June 5, 2017.
             Slain by a centaur (7 damage)
             ... on level 5 of the Dungeon.
             The game lasted 00:15:10 (4468 turns).

vatarom the Destroyer (Tengu Air Elementalist)      Turns: 4468, Time: 00:15:10

Health: -5/36      AC:  3    Str: 13    XL:     7   Next: 32%
Magic:  5/11       EV: 13    Int: 17    God:
Gold:   239        SH:  0    Dex: 20    Spells: 0/10 levels left

rFire    + . .     SeeInvis .   s - +4 dagger "Wanul" {pain, Dex+5}
rCold    . . .     Gourm    .   (no shield)
rNeg     . . .     Faith    .   a - +1 robe
rPois    .         Spirit   .   (helmet restricted)
rElec    .         Reflect  .   (no cloak)
rCorr    .         Harm     .   (no gloves)
MR       .....                  (boots unavailable)
Stlth    ++........             (no amulet)
Regen    0.2/turn               o - ring of protection from fire
MPRegen  0.2/turn               (no ring)

@: mighty
A: beak, talons 3, able to fly 1
a: Fly


You were on level 5 of the Dungeon.
You were not hungry.

You visited 1 branch of the dungeon, and saw 6 of its levels.

You collected 239 gold pieces.

Inventory:

Hand Weapons
 d - a +2 hand axe of flaming
 s - the +4 dagger "Wanul" (weapon) {pain, Dex+5}
   (You found it on level 4 of the Dungeon)

   In the hands of one skilled in necromantic magic, it inflicts extra damage on
   living creatures.
   It affects your dexterity (+5).
Armour
 a - a +1 robe (worn)
Jewellery
 o - a ring of protection from fire (left hand)
 p - an uncursed amulet of rage
Wands
 r - a wand of disintegration (11/24)
Scrolls
 e - 7 scrolls of magic mapping
 h - a scroll of enchant armour
 k - a scroll of amnesia
 l - 2 scrolls of identify
 m - a scroll of remove curse
Potions
 q - a potion of invisibility
Books
 b - a book of Air

   Spells                             Type                      Level
   a - Shock                          Conjuration/Air              1
   b - Swiftness                      Charms/Air                   2
   c - Static Discharge               Conjuration/Air              3
   d - Airstrike                      Air                          4
   e - Lightning Bolt                 Conjuration/Air              5
Comestibles
 f - 2 bread rations
 g - a meat ration
 i - 3 fruits
 n - a royal jelly


   Skills:
 - Level 2.1 Dodging
 - Level 2.0 Stealth
 - Level 2.0 Spellcasting
 * Level 8.2 Conjurations
 + Level 6.9 Air Magic


You couldn't memorise any spells.
You knew the following spells:

 Your Spells              Type           Power        Failure   Level  Hunger
a - Shock                 Conj/Air       ####         1%          1    #......
b - Swiftness             Chrm/Air       ##......     7%          2    ###....
c - Static Discharge      Conj/Air       ####....     2%          3    ###....
d - Airstrike             Air            ####......   11%         4    #####..


Dungeon Overview and Level Annotations

Branches:
Dungeon (6/15)
 Temple: D:4-7

Altars:
Dithmenos
Elyvilon
The Shining One

Shops:
D:4 ?

Annotations:
D:4 MDvedh's ghost, amateur MiWn
D:6 Menkaure


Innate Abilities, Weirdness & Mutations

You have a beak for a mouth.
You have claws for feet.
You can fly.


Message History

The centaur shoots an arrow.
The arrow hits you.
Casting: Shock
Confirm with . or Enter, or press ? or * to list all spells.
Aiming: Shock
Press: ? - help, Shift-Dir - straight line, f/p - centaur
Aim: a centaur, wielding a shortbow (moderately wounded)
The zap hits the centaur.
The centaur is severely wounded.
The centaur shoots an arrow.
The arrow hits you!
The centaur shoots an arrow.
The arrow hits you!
The centaur shoots an arrow.
The arrow hits you!
* * * LOW HITPOINT WARNING * * *
A hound comes into view.
You see here an arrow.
The centaur unwields an uncursed shortbow.
The centaur barely misses you.
It was a potion of might.
You feel very mighty all of a sudden. The centaur hits you!
You die...

.......##
........ ##
...... .. ....h
###. ...# .....
..# #...###.##
#...c@(<.######
......###........
###.#####..######
........>%....?.
# #######.#..###.
.......#
.#..#.#.#
..#..#..... ..
#..####..


You could see a centaur.

Vanquished Creatures
  An ogre (D:4)
  A phantom (D:4)
  A crimson imp (D:4)
  A bullfrog skeleton (D:6)
  An orc wizard (D:4)
  5 worker ants
  A hound skeleton (D:4)
  8 adders
  3 oozes
  3 worms
  A dart slug (D:1)
  4 leopard geckos
  3 orcs (D:4)
  3 bats
  4 giant cockroaches
  7 goblins
  8 hobgoblins
  A quokka (D:3)
  6 frilled lizards
  6 kobolds
  A leopard gecko skeleton (D:4)
  9 rats
78 creatures vanquished.

Vanquished Creatures (others)
  A bat (D:3)
1 creature vanquished.

Grand Total: 79 creatures vanquished

Notes
Turn   | Place    | Note
-------+----------+-------------------------------------------
     0 | D:1      | vatarom the Tengu Air Elementalist began the quest for the Orb.
     0 | D:1      | Reached XP level 1. HP: 10/10 MP: 4/4
   248 | D:1      | Reached skill level 2 in Conjurations
   266 | D:1      | Reached XP level 2. HP: 15/15 MP: 0/6
   418 | D:1      | Reached skill level 3 in Conjurations
   503 | D:1      | Learned a level 2 spell: Swiftness
   506 | D:1      | Reached XP level 3. HP: 19/19 MP: 5/7
  1058 | D:2      | Found a glowing golden altar of the Shining One.
  1162 | D:2      | Learned a level 3 spell: Static Discharge
  1478 | D:2      | Reached skill level 4 in Conjurations
  1478 | D:2      | Reached skill level 5 in Air Magic
  1478 | D:2      | Reached XP level 4. HP: 16/24 MP: 0/8
  2017 | D:3      | You fall through a shaft for 3 floors!
  2017 | D:6      | Noticed a centaur
  2037 | D:6      | Gained mutation: You can fly. [Tengu growth]
  2037 | D:6      | Reached XP level 5. HP: 14/28 MP: 1/9
  2229 | D:6      | Noticed Menkaure
  2248 | D:6      | Reached skill level 5 in Conjurations
  2521 | D:6      | Noticed an orc warrior
  2527 | D:5      | Entered Level 5 of the Dungeon
  2527 | D:5      | Noticed a centaur
  3029 | D:3      | Found a shadowy altar of Dithmenos.
  3108 | D:3      | Found a white marble altar of Elyvilon.
  3251 | D:4      | Reached skill level 6 in Conjurations
  3251 | D:4      | Reached XP level 6. HP: 30/32 MP: 4/10
  3556 | D:4      | Noticed a phantom
  3570 | D:4      | Killed a phantom
  3570 | D:4      | Reached skill level 7 in Conjurations
  3738 | D:4      | Found Bene's Magic Scroll Emporium.
  3799 | D:4      | Reached XP level 7. HP: 27/36 MP: 1/11
  4080 | D:4      | Got an ichor-stained dagger
  4081 | D:4      | Identified the +4 dagger "Wanul" {pain, Dex+5} (You found it on level 4 of the Dungeon)
  4158 | D:4      | Reached skill level 8 in Conjurations
  4325 | D:4      | Learned a level 4 spell: Airstrike
  4387 | D:4      | Noticed MDvedh's ghost (amateur MiWn)
  4468 | D:5      | Slain by a centaur

Skill      XL: |  1  2  3  4  5  6  7 |
---------------+----------------------+-----
Conjurations   | 2 3 4 6 7 8 |  8.2
Air Magic      | 5 6 |  6.9
Dodging        | |  2.1
Stealth        | |  2.0
Spellcasting   | |  2.0

Action                   |  1- 3 |  4- 6 |  7- 9 || total
-------------------------+-------+-------+-------++-------
Melee: Unarmed           |     2 |       |       ||     2
       Hand axe          |    29 |    73 |       ||   102
       Kick              |     5 |    15 |       ||    20
       Peck              |     3 |     8 |       ||    11
 Cast: Shock             |    41 |    83 |    13 ||   137
       Static Discharge  |     1 |    13 |     4 ||    18
  Use: Potion            |     2 |     3 |     1 ||     6
       Scroll            |     4 |     8 |       ||    12
 Stab: Sleeping          |     2 |       |       ||     2
  Eat: Chunk             |     2 |     5 |     2 ||     9
       Bread ration      |       |     1 |       ||     1
       Fruit             |       |     1 |       ||     1
       Meat ration       |       |       |     1 ||     1
Armor: Robe              |     5 |    22 |       ||    27
       Skin              |       |     7 |       ||     7
Dodge: Dodged            |    17 |    68 |     5 ||    90
